 Dungeon Crawl Stone Soup version 0.30-a0-359-gd0147acb1a (webtiles) character file.

Game seed: 9210994494030087421

1265 billz999 the Grave Robber (level 8, -2/47 (52) HPs)
             Began as a Demonspawn Necromancer on Nov 11, 2022.
             Was a Follower of Makhleb.
             Slain by an orc
             ... wielding a +0 flail
              (5 damage)
             ... on level 5 of the Dungeon.
             The game lasted 00:09:30 (4865 turns).

billz999 the Grave Robber (Demonspawn Necromancer)  Turns: 4865, Time: 00:09:31

HP:   -2/47 (52)    AC:  5    Str:  7    XL:     8   Next: 27%
MP:   7/18          EV: 12    Int: 17    God:    Makhleb [*.....]
Gold: 206           SH:  0    Dex: 19    Spells: 17/21 levels left

rFire   + . .      SeeInvis .    y - +1 demon blade (elec)
rCold   . . .      Faith    .    (no shield)
rNeg    . . .      Spirit   .    a - +0 robe
rPois   .          Reflect  .    v - +0 helmet
rElec   .          Harm     .    (no cloak)
rCorr   .          Rampage  .    (no gloves)
Will    .....                    (no boots)
Stlth   +.........               (no amulet)
HPRegen 0.27/turn                (no ring)
MPRegen 0.16/turn                (no ring)

@: confused, brilliant, ambrosia-drunk, hasted, drained, very quick
A: slimy green scales 1, powered by death 1, weakness stinger 2, agile 1, fire
resistance 1, no potion heal 1
a: Renounce Religion


You were on level 5 of the Dungeon.
You worshipped Makhleb.
Makhleb was aware of your devotion.
You visited 1 branch of the dungeon, and saw 5 of its levels.

You collected 206 gold pieces.

Inventory:

Hand Weapons
 e - a +0 dagger
 u - a +1 dagger of venom
 y - a +1 demon blade of electrocution (weapon)
Armour
 a - a +0 robe (worn)
 v - a +0 helmet (worn)
Jewellery
 c - a ring of wizardry
 j - a ring of fire
Wands
 l - a wand of paralysis (4)
Scrolls
 d - a scroll of noise
 f - 2 scrolls of magic mapping
 h - 2 scrolls of vulnerability
 n - a scroll of immolation {unknown}
 o - a scroll of fear {unknown}
 s - a scroll of blinking {unknown}
 t - a scroll of butterflies {unknown}
 x - 3 scrolls of poison {unknown}
Potions
 b - 4 potions of magic
 g - a potion of ambrosia
 m - a potion of brilliance
 r - a potion of resistance {unknown}
 w - a potion of might {unknown}
 z - a potion of attraction {unknown}


   Skills:
 * Level 2.9 Long Blades
 - Level 1.7 Dodging
 - Level 1.7 Stealth
 * Level 7.3 Spellcasting
 + Level 7.3 Necromancy


You had 17 spell levels left.
You knew the following spells:

 Your Spells              Type           Power      Damage    Failure   Level
a - Necrotise             Necr           100%       1d9       1%          1
b - Vampiric Draining     Necr           46%        2d9       1%          3

Your spell library contained the following spells:

 Spells                   Type           Power      Damage    Failure   Level
 Kiss of Death            Conj/Necr      100%       2d13      2%          1
 Animate Dead             Necr           46%        N/A       5%          4
 Dispel Undead            Necr           46%        3d18      5%          4
 Agony                    Necr           46%        N/A       16%         5
 Confusing Touch          Hex            9%         N/A       34%         3


Dungeon Overview and Level Annotations

Branches:
Dungeon (5/15)             Temple (0/1) D:4

Altars:
Makhleb
Wu Jian

Annotations:
D:3 3 runed translucent doors, NinjaNoafa's ghost, amateur DsMo


Innate Abilities, Weirdness & Mutations

You are partially covered in slimy green scales. (AC +2)
You regenerate a little health from kills.
You have a tail ending in a sharp stinger.
You are agile. (Dex +4, Str/Int -1)
Your flesh is heat resistant. (rF+)
Potions are less effective at restoring your health.


Message History

Aim: an orc wizard, wielding a +0 dagger and wearing a +0 robe (moderately wounded)
You feel a surge of power!
You draw life force from the orc wizard!
You kill the orc wizard!
Makhleb accepts your kill.
You feel better.
You feel life coursing into your body. The orc hits you with a +0 flail.
The orc completely misses you. x2
You barely miss the orc. The orc barely misses you.
The orc hits you with a +0 club. The orc hits you with a +0 hand axe.
You completely miss the orc. You closely miss the orc.
Your tail-slap misses the orc.
The orc misses you. The orc hits you with a +0 club.
The orc hits you with a +0 flail.
You hit the orc.
Your tail-slap misses the orc.
The orc is lightly wounded.
The orc misses you. x2; The orc hits you with a +0 club.
You closely miss the orc. Your punch misses the orc.
The orc is lightly wounded.
You barely miss the orc.
Your tail-slap misses the orc.
The orc is lightly wounded.
The orc hits you with a +0 club. The orc hits you with a +0 hand axe.
* * * LOW HITPOINT WARNING * * *
The orc hits you with a +0 flail.
* * * LOW HITPOINT WARNING * * *
Unknown command.
Casting: Vampiric Draining (safe; 1% risk of failure)
Confirm with . or Enter, or press ? or * to list all spells.
Aiming: Necrotise (safe; 1% risk of failure)
Press: ? - help, Shift-Dir - straight line, f - orc
Aim: an orc, wielding a +0 club and wearing a +0 leather armour (lightly wounded, chance to affect: 93%)
You feel a surge of power!
The orc writhes in agony.
The orc shouts!
The orc hits you with a +0 hand axe.
* * * LOW HITPOINT WARNING * * *
The orc barely misses you. The orc hits you but does no damage.
You are confused.
Your system partially rejects the healing.
You feel invigorated. The orc hits you with a +0 hand axe.
* * * LOW HITPOINT WARNING * * *
The orc hits you with a +0 flail.
You die...

....#....#..o#..o................
o...#8..#...8#...............####
.....####+###................#
##..! ...........)....##### ##..
.......ยง<..#.#..# .##
############.#....# ..
...............#.## ..
###......o)....#.#
#......@o..#[#.# #......)o..#.#.#
#..........#.#.# ############.#.#
#...# .#.#


You could see 3 orcs.

Vanquished Creatures
  Edmund (D:5)
  An ogre (D:5)
  A centaur (D:5)
  2 phantoms (D:5)
  3 scorpions
  A necrophage (D:4)
  A jelly (D:3)
  5 hounds
  2 orc priests (D:4)
  3 orc wizards (D:5)
  2 iguanas (D:5)
  3 gnolls (D:4)
  12 adders
  2 ufetubi
  2 dart slugs
  5 orcs
  7 ball pythons
  5 bats
  9 endoplasms
  4 giant cockroaches
  6 goblins
  8 hobgoblins
  6 jackals
  A quokka (D:1)
  4 frilled lizards
  5 kobolds
  5 rats
106 creatures vanquished.

Vanquished Creatures (collateral kills)
  2 adders
  2 jackals (D:3)
  A frilled lizard (D:3)
5 creatures vanquished.

Vanquished Creatures (others)
  2 plants (D:5)
2 creatures vanquished.

Grand Total: 113 creatures vanquished

Notes
Turn   | Place    | Note
-------+----------+-------------------------------------------
     0 | D:1      | billz999 the Demonspawn Necromancer began the quest for the
                  | Orb.
     0 | D:1      | Reached XP level 1. HP: 13/13 MP: 3/3
   284 | D:1      | Gained mutation: You have a small tail. [demonic ancestry]
   284 | D:1      | Reached XP level 2. HP: 4/19 MP: 1/5
  1107 | D:1      | Gained mutation: You regenerate a little health from kills.
                  | [demonic ancestry]
  1107 | D:1      | Reached XP level 3. HP: 24/24 MP: 5/7
  1896 | D:2      | Reached skill level 5 in Necromancy
  1987 | D:2      | Gained mutation: You are partially covered in slimy green
                  | scales. (AC +2) [demonic ancestry]
  1987 | D:2      | Reached XP level 4. HP: 30/30 MP: 2/9
  2513 | D:3      | Reached XP level 5. HP: 26/35 MP: 2/11
  2704 | D:3      | Found a burning altar of Makhleb.
  2711 | D:3      | Became a worshipper of Makhleb the Destroyer
  2783 | D:3      | Found a runed translucent gate.
  2783 | D:3      | Found a runed translucent gate.
  2783 | D:3      | Found a runed translucent gate.
  2783 | D:3      | Noticed NinjaNoafa's ghost (amateur DsMo)
  2832 | D:3      | Learned a level 3 spell: Vampiric Draining
  3597 | D:4      | Reached XP level 6. HP: 32/41 MP: 6/13
  3661 | D:4      | Found a staircase to the Ecumenical Temple.
  3716 | D:4      | Reached skill level 5 in Spellcasting
  3834 | D:4      | Reached * piety under Makhleb
  4213 | D:4      | Reached XP level 7. HP: 22/46 MP: 0/15
  4577 | D:5      | Entered Level 5 of the Dungeon
  4611 | D:5      | Noticed Edmund
  4643 | D:5      | Killed Edmund
  4747 | D:5      | Found an ornate altar of the Wu Jian Council.
  4778 | D:5      | Reached skill level 1 in Long Blades
  4791 | D:5      | Gained mutation: You have a tail ending in a sharp stinger.
                  | [demonic ancestry]
  4791 | D:5      | Reached XP level 8. HP: 43/52 MP: 3/18
  4852 | D:5      | HP: 2/45 [orc/+0 hand axe (6)]
  4855 | D:5      | Gained mutation: Your flesh is heat resistant. (rF+)
                  | [potion of mutation]
  4855 | D:5      | Gained mutation: Potions are less effective at restoring
                  | your health. [potion of mutation]
  4855 | D:5      | Gained mutation: You are agile. (Dex +4, Str/Int -1)
                  | [potion of mutation]
  4865 | D:5      | Slain by an orc

Illustrated notes

Levels and vault maps discovered:
D:1:      lightli_arrival_windingriver, layout_basic
D:2:      layout_loops_ring
D:3:      layout_basic, mainiacjoe_overflow_tiny_flanked, gammafunk_ghost_split,
          serial_glass, glass_columns_b, glass_columns_a, feat_on_display,
          feat_on_display, due_unseen_surprise, minmay_strange_pillars
D:4:      layout_basic, minmay_temple_entry_drinking_statues
D:5:      layout_basic, mainiacjoe_overflow_alcove_1, serial_park_tiny_1,
          serial_bayou_pond_d, minivault_1, minmay_ruined_shrine, uniq_edmund

Skill      XL: |  1  2  3  4  5  6  7  8 |
---------------+-------------------------+-----
Spellcasting   | 3 4 5 6 7 |  7.3
Necromancy     | 5 6 7 |  7.3
Long Blades    | 2 |  2.9
Dodging        | |  1.7
Stealth        | |  1.7

Action                   |  1- 3 |  4- 6 |  7- 9 || total
-------------------------+-------+-------+-------++-------
Melee: Dagger            |    10 |    32 |    16 ||    58
       Unarmed           |     4 |       |       ||     4
       Tailslap          |     1 |     4 |     4 ||     9
       Demon blade       |       |       |    35 ||    35
       Punch             |       |       |     1 ||     1
 Cast: Necrotise         |    66 |    97 |    19 ||   182
       Vampiric Draining |       |     5 |    11 ||    16
Evoke: Wand              |       |     3 |     3 ||     6
  Use: Potion            |     1 |       |     9 ||    10
       Scroll            |       |       |     3 ||     3
 Stab: Sleeping          |     1 |       |       ||     1
       Paralysed         |       |     4 |    13 ||    17
Armor: Robe              |     8 |    25 |    55 ||    88
Dodge: Dodged            |    23 |    54 |    97 ||   174

Table legend: (Time is in decaauts)
 A = Elapsed time spent in this place.
 B = Non-inter-level travel time spent in this place.
 C = Inter-level travel time spent in this place.
 D = Time resting spent in this place.
 E = Time spent auto-exploring this place.
 F = Levels seen in this place.
 G = Mean time per level.
                   A        B        C        D        E       F      G
               +--------+--------+--------+--------+--------+-----+--------+
         Total |   4873 |   4721 |    152 |    237 |   3819 |   5 |  974.6 |
       Dungeon |   4873 |   4721 |    152 |    237 |   3819 |   5 |  974.6 |
               +--------+--------+--------+--------+--------+-----+--------+

Top non-repeatable levels by time:
     D:1: 1451 daAuts
     D:4: 1428 daAuts
     D:2: 937 daAuts
     D:3: 765 daAuts
     D:5: 290 daAuts
